 Dungeon Crawl Stone Soup version 0.22-a0-455-ga0624bf62c (webtiles) character file.

161 Kriby the Poker (level 5, -1/38 HPs)
             Began as a Merfolk Skald on June 5, 2018.
             Was a Follower of Nemelex Xobeh.
             Slain by a gnoll
             ... wielding a +0 halberd of venom
              (5 damage)
             ... on level 3 of the Dungeon.
             The game lasted 00:03:22 (2854 turns).

Kriby the Poker (Merfolk Skald)                     Turns: 2854, Time: 00:03:23

Health: -1/38      AC:  5    Str: 13    XL:     5   Next: 42%
Magic:  8/8        EV: 11    Int: 12    God:    Nemelex Xobeh [*.....]
Gold:   102        SH:  0    Dex: 13    Spells: 7/8 levels left

rFire    + . .     SeeInvis .   h - +2 hand axe (freeze)
rCold    + . .     Gourm    .   (no shield)
rNeg     . . .     Faith    .   l - +0 ring mail
rPois    .         Spirit   .   (no helmet)
rElec    .         Reflect  .   i - scarf {rC+ rF+}
rCorr    .         Harm     .   (no gloves)
MR       .....                  (no boots)
Stlth    +.........             (no amulet)
HPRegen  0.12/turn              (no ring)
MPRegen  0.11/turn              (no ring)

@: lethally poisoned (-1 -> -6)
A: change form in water, swift swim, stealthy swim
a: Renounce Religion


You were on level 3 of the Dungeon.
You worshipped Nemelex Xobeh.
Nemelex Xobeh was aware of your devotion.
You were not hungry.

You visited 1 branch of the dungeon, and saw 3 of its levels.

You collected 102 gold pieces.

Inventory:

Hand Weapons
 a - a +0 spear
 h - a +2 hand axe of freezing (weapon)
Armour
 b - a +0 leather armour
 i - a scarf of resistance (worn)
 l - a +0 ring mail (worn)
Jewellery
 o - an uncursed ring of stealth {unknown}
Scrolls
 c - a scroll of immolation {unknown}
 e - a scroll of identify {unknown}
 f - a scroll of fear {unknown}
 g - 2 scrolls of fog {unknown}
 j - a scroll of remove curse {unknown}
 m - a scroll of blinking {unknown}
Comestibles
 d - 4 rations {@e1}


   Skills:
 - Level 2.1 Fighting
 + Level 7.9 Polearms
 - Level 0.6 Armour
 - Level 2.6 Dodging
 - Level 2.0 Spellcasting
 - Level 3.2 Charms


You had 7 spell levels left.
You knew the following spells:

 Your Spells              Type           Power        Failure   Level  Hunger
a - Infusion              Chrm           #...         16%         1    ##.....

Your spell library contained the following spells:

 Spells                   Type           Power        Failure   Level  Hunger
 Regeneration             Chrm/Necr      #.........   65%         3    ####...
 Shroud of Golubria       Chrm/Tloc      #.........   41%         2    ###....
 Song of Slaying          Chrm           #.......     22%         2    ###....
 Spectral Weapon          Hex/Chrm       #.......     65%         3    ####...


Dungeon Overview and Level Annotations

Branches:
Dungeon (3/15)

Altars:
Kikubaaqudgha
Nemelex Xobeh
Okawaru
Zin


Message History

You feel sick.
The hobgoblin dies!
The gnoll barely misses you. The gnoll closely misses you.
You barely miss the gnoll.
The gnoll is heavily wounded.
* * * LOW HITPOINT WARNING * * *
You feel sick. The gnoll misses you. The gnoll barely misses you.
You aren't carrying any potions.
You hit the gnoll but do no damage.
The gnoll is heavily wounded.
* * * LOW HITPOINT WARNING * * *
You feel sick. The gnoll hits you but does no damage. The gnoll misses you. x2
Okay, then.
You closely miss the gnoll.
The gnoll is heavily wounded.
* * * LOW HITPOINT WARNING * * *
You feel sick.
The gnoll hits you with a halberd of venom.
You die...
Your body glows slightly and disappears.

#.# g.
.. ##.
#). #g#
#g#
###@####
#......#
#.#.##.#
#.#.##.#
# #....#
###..#
#.###..#
#......#
#####.##


You could see 3 gnolls.

Vanquished Creatures
  An orc priest (D:3)
  A gnoll (D:3)
  2 adders
  An ooze (D:2)
  A worm (D:3)
  2 dart slugs (D:1)
  3 leopard geckos
  5 orcs (D:3)
  2 ball pythons (D:1)
  4 bats
  3 giant cockroaches
  8 goblins
  12 hobgoblins
  6 jackals
  A quokka (D:3)
  2 frilled lizards
  16 kobolds
  A rat (D:1)
71 creatures vanquished.

Vanquished Creatures (collateral kills)
  An adder (D:3)
  2 hobgoblins (D:3)
  2 jackals (D:3)
  A kobold (D:3)
  A rat (D:3)
7 creatures vanquished.

Grand Total: 78 creatures vanquished

Notes
Turn   | Place    | Note
-------+----------+-------------------------------------------
     0 | D:1      | Kriby the Merfolk Skald began the quest for the Orb.
     0 | D:1      | Reached XP level 1. HP: 16/16 MP: 3/3
   303 | D:1      | Reached skill level 4 in Polearms
   303 | D:1      | Reached XP level 2. HP: 19/22 MP: 5/5
   881 | D:1      | Reached skill level 5 in Polearms
   881 | D:1      | Reached XP level 3. HP: 22/27 MP: 6/6
  1503 | D:2      | Reached skill level 6 in Polearms
  1587 | D:2      | Reached XP level 4. HP: 28/33 MP: 7/7
  1828 | D:2      | Found a glowing silver altar of Zin.
  2036 | D:2      | Found a sparkling altar of Nemelex Xobeh.
  2036 | D:2      | Found an ancient bone altar of Kikubaaqudgha.
  2041 | D:2      | Found a faded altar of an unknown god.
  2043 | D:2      | Found an iron altar of Okawaru.
  2044 | D:2      | Found a faded altar of an unknown god.
  2063 | D:2      | Became a worshipper of Nemelex Xobeh the Trickster
  2063 | D:2      | Received a gift from Nemelex Xobeh
  2063 | D:2      | Reached * piety under Nemelex Xobeh
  2221 | D:3      | Reached skill level 7 in Polearms
  2221 | D:3      | Reached XP level 5. HP: 14/38 MP: 8/8
  2854 | D:3      | Slain by a gnoll

Vault maps used:
D:1:      dpeg_arrival_fog
D:2:      lemuel_round_altar, chequers_temple_overflow_minitemple
D:3:      first_ration

Skill      XL: |  1  2  3  4 |
---------------+-------------+-----
Polearms       | 4 5 6 7 |  7.9
Fighting       | |  2.1
Armour         | |  0.6
Dodging        | |  2.6
Spellcasting   | |  2.0
Charms         | |  3.2

Action                   |  1- 3 |  4- 6 || total
-------------------------+-------+-------++-------
Melee: Spear             |    53 |       ||    53
       Hand axe          |    48 |    83 ||   131
Evoke: Deck              |       |     5 ||     5
  Use: Potion            |       |     1 ||     1
  Eat: Chunk             |     2 |     4 ||     6
Armor: Leather armour    |    23 |       ||    23
       Ring mail         |     1 |    40 ||    41
       Skin              |       |    10 ||    10
Dodge: Dodged            |    66 |    57 ||   123

Table legend:
 A = Spawn XP
 B = Non-spawn XP
 C = Spawn XP percentage of total XP
 D = Spawn monster count
 E = Non-spawn monster count
 F = Spawn count percentage of total count
 G = Total turns spent on level
                    A         B        C        D         E        F      G
               +---------+---------+-------+---------+---------+-------+---------
         Total |       0 |     230 |   0.0 |       0 |      78 |   0.0 |  2854
               +---------+---------+-------+---------+---------+-------+---------
           D:1 |       0 |      41 |   0.0 |       0 |      21 |   0.0 |  1334
           D:2 |       0 |      67 |   0.0 |       0 |      28 |   0.0 |   838
           D:3 |       0 |     122 |   0.0 |       0 |      29 |   0.0 |   682
               +---------+---------+-------+---------+---------+-------+---------
